 Dungeon Crawl Stone Soup version 0.31-a0-889-g1a8549509d (webtiles) character file.

Game seed: 5552104025464768270

175 p00ps00p the Trooper (level 5, -6/47 HPs)
             Began as a Hill Orc Fighter on Oct 16, 2023.
             Killed by divine providence
             ... invoked by an orc priest
              (12 damage)
             ... on level 2 of the Dungeon.
             The game lasted 00:02:24 (1716 turns).

p00ps00p the Trooper (Hill Orc Fighter)             Turns: 1716, Time: 00:02:24

Health: -6/47      AC:  8    Str: 21    XL:     5   Next: 55%
Magic:  5/5        EV:  9    Int:  8    God:
Gold:   128        SH: 10    Dex: 10    Spells: 4/4 levels left

rFire   . . .        a - +0 war axe
rCold   . . .        c - +1 buckler
rNeg    . . .        b - +0 scale mail
rPois   .            (no helmet)
rElec   .            (no cloak)
rCorr   +            e - +0 pair of gloves
SInv    .            (no boots)
Will    .....        j - amulet of reflection Stlth
                     n - ring of resist corrosion
HPRegen 0.27/turn    (no ring)
MPRegen 0.09/turn

%: reflection
@: mighty
A: no striking features
a: Convert to Beogh


You were on level 2 of the Dungeon.
You visited 1 branch of the dungeon, and saw 3 of its levels.

You collected 128 gold pieces.

Inventory:

Hand Weapons
 a - a +0 war axe (weapon)
Armour
 b - a +0 scale mail (worn)
 c - a +1 buckler (worn)
 e - a +0 pair of gloves (worn)
Jewellery
 j - an amulet of reflection (around neck)
 n - a ring of resist corrosion (left hand)
Scrolls
 k - a scroll of enchant armour
Potions
 f - 2 potions of lignification {unknown}
 g - 2 potions of cancellation {unknown}
 h - a potion of curing {unknown}
 i - a potion of heal wounds {unknown}
 o - a potion of mutation {unknown}


   Skills:
 + Level 4.7 Fighting
 + Level 4.3 Axes
 + Level 4.3 Armour
 + Level 4.3 Shields


You had 4 spell levels left.
You didn't know any spells.
Your spell library contained the following spells:

 Spells                   Type           Power      Damage    Failure   Level
 Cigotuvi's Dreadful Rot  Necr/Pois/Air  0%         N/A       91%         2
 Ignite Poison            Fire/Tmut/Pois 0%         N/A       99%         3
 Freezing Cloud           Conj/Ice/Air   0%         6-21      100%        5


Dungeon Overview and Level Annotations

Branches:
Dungeon (3/15)

Altars:


Message History

You slash the frilled lizard!
You kill the frilled lizard!
You closely miss the hound.
The orc priest shouts, "Beogh is our master!
Accept the truth or die!"
The hound barely misses you.
The orc priest calls down the wrath of Beogh upon you.
Beogh smites you!
* * * LOW HITPOINT WARNING * * *
You block the hound's attack.
You closely miss the orc priest.
The orc priest is heavily wounded.
You barely miss the hound.
The orc priest threatens, "By the altar or by the axe, you will meet Beogh!"
The hound bites you but does no damage.
The orc priest threatens, "By the altar or by the axe, you will meet Beogh!"
The orc priest completely misses you. The hound barely misses you.
The orc priest threatens, "By the altar or by the axe, you will meet Beogh!"
You closely miss the orc priest.
The orc priest is heavily wounded.
You barely miss the hound. You block the orc priest's attack.
The hound bites you but does no damage. You block the orc priest's attack.
You hit the orc priest but do no damage.
The orc priest is heavily wounded.
The orc priest shouts, "Join the one true god or die!"
You hit the hound.
You kill the hound!
The orc priest invokes the aid of Beogh against you.
Pain shoots through your body!
* * * LOW HITPOINT WARNING * * *
You feel very mighty all of a sudden.
The orc priest hits you but does no damage.
You closely miss the orc priest.
The orc priest is heavily wounded.
The orc priest shouts, "Join the one true god or die!"
You block the orc priest's attack.
You closely miss the orc priest.
The orc priest is heavily wounded.
The orc priest calls down the wrath of Beogh upon you.
Beogh smites you!
You die...

..###.....##.###..........)......
....'......#.....................
..###......#.####................
..# #......#....#................
#####.....)#....#.........#######
...##......#....#.........#
...##......#...#..........#######
...##...........†................
...##.......#.#.@†...............
...#######..#.#.o................
...# #..#.#.#................
...# #..#...#................
######## #..#######.####.........
.......# #..# #.# ##########
######.# #..# #.# # #.###..#
#####.# ######......# #.....#


You could see an orc priest.

Vanquished Creatures
  A hound (D:2)
  Jessica (D:2)
  2 orc wizards (D:2)
  2 adders (D:2)
  2 worms (D:2)
  2 orcs (D:2)
  5 ball pythons
  2 bats
  5 endoplasms
  A giant cockroach (D:1)
  4 goblins
  3 hobgoblins
  3 jackals (D:1)
  3 quokkas (D:1)
  A frilled lizard (D:2)
  3 kobolds (D:1)
  6 rats
46 creatures vanquished.

Notes
Turn   | Place    | Note
-------+----------+-------------------------------------------
     0 | D:1      | p00ps00p the Hill Orc Fighter began the quest for the Orb.
     0 | D:1      | Reached XP level 1. HP: 19/19 MP: 1/1
   303 | D:1      | Reached XP level 2. HP: 25/27 MP: 2/2
   505 | D:1      | Reached XP level 3. HP: 33/33 MP: 3/3
  1075 | D:2      | Noticed Jessica
  1084 | D:2      | Reached XP level 4. HP: 40/40 MP: 4/4
  1085 | D:2      | Killed Jessica
  1237 | D:2      | Reached XP level 5. HP: 45/47 MP: 5/5
  1462 | D:2      | Found a faded altar of an unknown god.
  1716 | D:2      | Killed from afar by an orc priest

Illustrated notes

Levels and vault maps discovered:
D:1:      dpeg_arrival_windows_large_door, layout_loops_ring,
          grunt_decor_clamped
D:2:      layout_basic, shapermc_ecumenical_altar_mp_highgroup, uniq_jessica
D:3:      layout_rooms, mainiacjoe_overflow_brackets, chequers_avenue,
          due_unseen_surprise

Skill      XL: |  1  2  3  4 |
---------------+-------------+-----
Axes           | 3 4 |  4.3
Fighting       | 4 |  4.7
Armour         | 4 |  4.3
Shields        | 4 |  4.3

Action                     |  1- 3 |  4- 6 || total
---------------------------+-------+-------++-------
  Melee: War axe           |   100 |    31 ||   131
    Use: Scroll            |       |     4 ||     4
         Potion            |       |     1 ||     1
 Armour: Scale mail        |    62 |    29 ||    91
  Dodge: Dodged            |    33 |    12 ||    45
  Block: Buckler           |    32 |    28 ||    60
         Reflection        |       |     1 ||     1

Table legend: (Time is in decaauts)
 A = Elapsed time spent in this place.
 B = Non-inter-level travel time spent in this place.
 C = Inter-level travel time spent in this place.
 D = Time resting spent in this place.
 E = Time spent auto-exploring this place.
 F = Levels seen in this place.
 G = Mean time per level.
                   A        B        C        D        E       F      G
               +--------+--------+--------+--------+--------+-----+--------+
         Total |   1763 |   1644 |    119 |      0 |   1329 |   3 |  587.7 |
       Dungeon |   1763 |   1644 |    119 |      0 |   1329 |   3 |  587.7 |
               +--------+--------+--------+--------+--------+-----+--------+

Top non-repeatable levels by time:
     D:2: 967 daAuts
     D:1: 785 daAuts
     D:3: 10 daAuts
